 Dungeon Crawl Stone Soup version 0.20.1-1-g8b1a95d (webtiles) character file.

458 Irenicus the Insei (level 7, -8/45 (46) HPs)
             Began as an Octopode Chaos Knight on Oct 13, 2017.
             Mangled by a gnoll
             ... wielding a +0 spear
              (11 damage)
             ... on level 4 of the Dungeon.
             The game lasted 00:08:50 (2741 turns).

Irenicus the Insei (Octopode Chaos Knight)          Turns: 2741, Time: 00:08:50

HP:   -8/45 (46)    AC:  1    Str: 11    XL:     7   Next: 6%
MP:   7/7           EV: 14    Int: 14    God:    Xom [..*...]
Gold: 169           SH:  0    Dex: 14    Spells: 6/6 levels left

rFire    . . .     SeeInvis .     - Unarmed
rCold    . . .     Gourm    .   (no shield)
rNeg     . . .     Faith    .   (helmet restricted)
rPois    .         Spirit   .   (no amulet)
rElec    .         Reflect  .   d - ring of teleportation (curse)
rCorr    .         Harm     .   (no ring)
MR       .....     Rnd*Tele +   (no ring)
Stlth    +++.......             (no ring)
Regen    0.2/turn               (no ring)
MPRegen  0.1/turn               (no ring)
                                (no ring)
                                (no ring)

@: flying
A: almost no armour, stealthy swim, amphibious, 8 rings, constrict 8, camouflage
1, gelatinous body 1
a: Renounce Religion


You were on level 4 of the Dungeon.
You worshipped Xom.
You were a toy of Xom.
You were hungry.

You visited 1 branch of the dungeon, and saw 5 of its levels.

You collected 169 gold pieces.

Inventory:

Hand Weapons
 b - a +0 hunting sling
Missiles
 c - 156 stones (quivered)
Jewellery
 d - a cursed ring of teleportation (left tentacle)
Wands
 m - a wand of paralysis (8/24)
Scrolls
 f - 5 scrolls of identify {unknown}
 g - 3 scrolls of blinking {unknown}
 i - a scroll of fog {unknown}
 j - a scroll of recharging {unknown}
 k - a scroll of immolation {unknown}
 l - a scroll of fear {unknown}
Potions
 e - a potion of resistance {unknown}
 n - a potion of flight
 o - a potion of berserk rage {unknown}
Comestibles
 a - 2 bread rations
 h - a meat ration


   Skills:
 - Level 3.0 Fighting
 - Level 2.3 Dodging
 - Level 3.0 Stealth
 + Level 7.4 Unarmed Combat


You had 6 spell levels left.
You didn't know any spells.

Dungeon Overview and Level Annotations

Branches:
Dungeon (5/15)
 Temple: D:4-7

Altars:
Ashenzari
Dithmenos
Okawaru
Trog
Uskayaw
Xom


Innate Abilities, Weirdness & Mutations

You cannot wear most types of armour.
You are very stealthy in the water. (Stealth+)
You are amphibious.
You can wear up to eight rings at the same time.
You can use your tentacles to constrict eight enemies at once.
Your skin changes colour to match your surroundings (Stealth+).
Your rubbery body absorbs attacks. (AC +1, EV +1)


Message History

The gnoll is lightly wounded.
The gnoll barely misses you. The gnoll misses you.
You tentacle-slap the gnoll but do no damage.
Your grab misses the gnoll. You squeeze the gnoll.
The gnoll is moderately wounded.
The gnoll hits you from afar with a spear!
The gnoll hits you with a spear! The gnoll hits you with a spear.
The gnoll hits you from afar with a spear!
* * * LOW HITPOINT WARNING * * *
You emit a cloud of colourful smoke!
The gnoll misses you.
You climb upwards.
There is a stone staircase leading down here.
It was a potion of flight.
You feel very buoyant.
You fly up into the air.
The gnoll hits you with a spear.
* * * LOW HITPOINT WARNING * * *
The gnoll hits you with a spear!
You die...

####### #.....###
#.......# #.......#
###### ####....# #.....
#....# #..... #....#
#.....
#gg..########.....
#@................
#.##.########.....
#######.##...# #.....
#..........#.###########
#.#####.................
#.# #............#####
#.#####......#####.#
#.#...#......###...#
#.#...###......#.###


You could see 2 gnolls.

Vanquished Creatures
  3 ogres
  A howler monkey (D:2)
  An orc wizard (D:3)
  3 gnolls
  A howler monkey skeleton (D:4)
  6 adders
  A worm (D:2)
  A dart slug (D:4)
  A leopard gecko (D:1)
  5 orcs
  3 ball pythons (D:2)
  A giant cockroach (D:2)
  7 goblins
  10 hobgoblins
  3 jackals (D:3)
  2 quokkas (D:2)
  4 bats
  2 frilled lizards
  8 kobolds
  A leopard gecko skeleton (D:4)
  3 rats
67 creatures vanquished.

Notes
Turn   | Place    | Note
-------+----------+-------------------------------------------
     0 | D:1      | Irenicus the Octopode Chaos Knight began the quest for the Orb.
     0 | D:1      | Reached XP level 1. HP: 16/16 MP: 1/1
    52 | D:1      | XOM: butterfly on damage
   143 | D:1      | XOM: potion effect (haste)
   152 | D:1      | Reached XP level 2. HP: 12/21 MP: 2/2
   540 | D:1      | XOM: god gift: 23 stones
   659 | D:1      | XOM: god gift: 16 gold pieces
   666 | D:2      | Reached skill level 4 in Unarmed Combat
   675 | D:2      | Reached XP level 3. HP: 18/26 MP: 3/3
   752 | D:2      | Found a faded altar of an unknown god.
   864 | D:2      | Found a shattered altar of Ashenzari.
   872 | D:2      | Reached skill level 1 in Stealth
   919 | D:2      | XOM: god gift: meat ration
  1039 | D:2      | XOM: cloud trail
  1103 | D:2      | Reached XP level 4. HP: 21/31 MP: 4/4
  1130 | D:2      | XOM: fake destruction
  1143 | D:2      | Reached skill level 5 in Unarmed Combat
  1238 | D:2      | Found an iron altar of Okawaru.
  1310 | D:2      | Reached XP level 5. HP: 36/36 MP: 5/5
  1346 | D:2      | XOM: harmless Ice miscast
  1638 | D:3      | Noticed an ogre
  1661 | D:3      | XOM: scenery: create altars
  1719 | D:3      | XOM: summons friendly quasit
  1744 | D:3      | Found a shadowy altar of Dithmenos.
  1746 | D:3      | Found a bloodstained altar of Trog.
  1765 | D:3      | Found a hide-covered altar of Uskayaw.
  1887 | D:3      | Killed an ogre
  1887 | D:3      | Reached skill level 6 in Unarmed Combat
  1887 | D:3      | Reached XP level 6. HP: 42/42 MP: 6/6
  1899 | D:3      | XOM: harmless Chrm miscast
  2040 | D:3      | XOM: mild Necr miscast
  2286 | D:4      | XOM: harmless Pois miscast
  2342 | D:4      | XOM: confuse monster(s)
  2343 | D:4      | XOM: enchant monster (bad)
  2356 | D:4      | Reached skill level 7 in Unarmed Combat
  2514 | D:4      | Reached XP level 7. HP: 42/45 MP: 7/7
  2690 | D:5      | Entered Level 5 of the Dungeon
  2739 | D:5      | XOM: smoke on damage
  2741 | D:4      | Mangled by a gnoll

Skill      XL: |  1  2  3  4  5  6 |
---------------+-------------------+-----
Unarmed Combat | 4 5 6 7 |  7.4
Stealth        | 1 2 3 |  3.0
Fighting       | |  3.0
Dodging        | |  2.3

Action                   |  1- 3 |  4- 6 |  7- 9 || total
-------------------------+-------+-------+-------++-------
Melee: Unarmed           |    29 |    81 |     5 ||   115
       Constrict         |     7 |    17 |       ||    24
       Tentacles         |     2 |    16 |     2 ||    20
       Punch             |       |     3 |       ||     3
 Fire: Hunting sling     |    62 |    26 |       ||    88
  Use: Potion            |       |     1 |     1 ||     2
 Stab: Paralysed         |       |     2 |       ||     2
       Distracted        |       |     2 |       ||     2
       Confused          |       |     1 |       ||     1
       Sleeping          |       |       |     1 ||     1
  Eat: Chunk             |       |     5 |       ||     5
Armor: Skin              |     1 |     7 |       ||     8
Dodge: Dodged            |    22 |    50 |     7 ||    79
